Cogmind - Beta 13 @@@ ROGUE MODE // 2024.04.11 @ 00:04:17 Player: Olafz Result: Destroyed by Y-64 Sentinel with KE Penetrator Performance ------------- Evolutions (5) 2500 Regions Visited (6) 1200 Robots Destroyed (78) 390 Value Destroyed (2527) 2527 Prototype IDs (1) 20 Alien Tech Used (0) 0 Bonus (46) 46 TOTAL SCORE: 6683 Bonus ------- High Alert Combat Kills 127 Friendly Fire -81 Cogmind --------- Core Integrity 0/1000 Matter 56/300 Energy 23/100 System Corruption 9% Temperature Cool (0) Movement Core (50) Location -5/Factory Parts ------- > --- POWER (2) -------- (None) > --- PROPULSION (4) --- (None) > --- UTILITY (8) ------ Transmission Jammer Hacking Suite Hacking Suite > --- WEAPON (3) ------- (None) > --- INVENTORY (5) ---- Advanced Heat Sink Structural Scanner Sensor Array Hacking Suite Enhanced Autogun Peak State ------------ > --- POWER ------------ Light Angular Momentum Engine Light Fission Core > --- PROPULSION ------- Carbon-fiber Leg Carbon-fiber Leg Titanium Leg Flexi-carbon Leg > --- UTILITY ---------- Advanced Heat Sink Large Storage Unit Core Analyzer Kinecellerator Heavy Armor Plating Hacking Suite Hacking Suite > --- WEAPON ----------- Enhanced Autogun Enhanced Autogun Flak Gun > --- INVENTORY -------- Light Nuclear Core Light Angular Momentum Engine Carbon-fiber Leg Advanced Heat Sink Structural Scanner Sensor Array Transmission Jammer Hacking Suite Hacking Suite Hacking Suite Enhanced Autogun Missile Launcher Power Sword [Rating: 66] Favorites ----------- Power Light Nuclear Core Engine Light Angular Momentum Engine Power Core Light Nuclear Core Propulsion Aluminum Leg Treads Light Treads Leg Aluminum Leg Utility Large Storage Unit Device Structural Scanner Storage Large Storage Unit Processor Core Analyzer Hackware Hacking Suite Protection Heavy Armor Plating Weapon Enhanced Autogun Energy Gun EM Pulse Gun Ballistic Gun Enhanced Autogun Launcher Missile Launcher Slashing Weapon Power Sword Build | -11 -10 -9 -8 -7 -6 -5 ------- Run | Yrd Mat Mat Mat Fac Fac Fac Slots Evolved 10 | . . 2 2 2 2 2 Power 1 | . . . . 1 . . Propulsion 2 | . . 1 1 . . . Utility 6 | . . 1 1 . 2 2 Weapon 1 | . . . . 1 . . Parts Attached 88 | . 9 20 26 3 19 11 Power 16 | . 1 2 6 1 4 2 Engine 7 | . . . 3 . 3 1 Core 9 | . 1 2 3 1 1 1 Reactor . | . . . . . . . Propulsion 32 | . 3 7 12 1 8 1 Treads 3 | . . . 3 . . . Leg 29 | . 3 7 9 1 8 1 Wheel . | . . . . . . . Hover . | . . . . . . . Flight . | . . . . . . . Utility 22 | . 4 4 3 . 6 5 Device 12 | . 2 4 2 . 2 2 Storage 2 | . 2 . . . . . Processor 1 | . . . . . 1 . Hackware 5 | . . . 1 . 1 3 Protection 2 | . . . . . 2 . Artifact . | . . . . . . . Weapon 18 | . 1 7 5 1 1 3 Energy Gun 4 | . . 2 1 . . 1 Energy Cannon . | . . . . . . . Ballistic Gun 12 | . 1 5 4 1 1 . Ballistic Cannon . | . . . . . . . Launcher 1 | . . . . . . 1 Special Weapon . | . . . . . . . Impact Weapon . | . . . . . . . Slashing Weapon 1 | . . . . . . 1 Piercing Weapon . | . . . . . . . Special Melee Weapon . | . . . . . . . Unidentified Prototypes 1 | . . . 1 . . . Parts Lost 41 | . 2 2 12 . 3 22 Power 7 | . . . 3 . . 4 Propulsion 12 | . . . 6 . 1 5 Utility 10 | . 1 . . . 2 7 Weapon 12 | . 1 2 3 . . 6 Highest Loss Streak 22 | . 1 1 5 . 2 22 To Critical Strikes . | . . . . . . . Average Slot Usage (%) 93 | . 97 99 86 98 96 58 Engine 2 | . 9 . 1 . 4 2 Core 7 | . 4 11 5 14 7 2 Treads 2 | . . . 8 . . . Leg 26 | . 28 33 19 30 25 13 Device 15 | . 11 22 16 15 12 5 Storage 9 | . 14 11 9 7 6 4 Processor 1 | . . . . . 5 3 Hackware 5 | . . . 8 7 11 9 Ballistic Gun 19 | . 28 19 15 22 20 8 Naked Turns . | . . . . . . . Heaviest Build 66 | 12 28 33 37 41 62 66 Greatest Support 67 | 20 20 39 60 63 67 67 Greatest Overweight (x) 8 | . 1 1 2 . 1 8 Average Overweight (x) . | . . . . . . . Largest Inventory Capacity 15 | . 15 15 15 15 15 15 Average Capacity 13 | . 9 15 15 15 15 13 Most Carried 15 | . 12 15 15 15 15 14 Average Carried 13 | . 7 13 14 14 14 10 Final Capacity 15 | 8 15 15 15 15 15 5 Final Carried 15 | 6 12 15 15 15 15 5 Class Distribution -------------------- 54% | Scavenger-Mutant 15% | Mutant 14% | Scavenger-Gunner 11% | Scavenger-Skirmisher 3% | Hacker-Gunner Dominant Class ---------------- Mutant | -10/Materials Scavenger-Mutant | -9/Materials Scavenger-Mutant | -8/Materials Scavenger-Skirmisher | -7/Factory Scavenger-Gunner | -6/Factory Scavenger-Gunner | -5/Factory Resources | -11 -10 -9 -8 -7 -6 -5 ----------- Run | Yrd Mat Mat Mat Fac Fac Fac Matter Collected 2132 | 200 161 251 1012 78 398 32 Remotely . | . . . . . . . Salvage Created 2954 | . 327 964 1056 182 266 159 Parts 167 | . 18 69 52 9 15 4 Haulers Intercepted 4 | . 1 1 . 2 . . Recyclers Shooed 2 | . . . . . 2 . Parts Field Recycled . | . . . . . . . Retrieved Matter . | . . . . . . . Parts Self-Destructed . | . . . . . . . Prevented . | . . . . . . . Kills | -11 -10 -9 -8 -7 -6 -5 ------- Run | Yrd Mat Mat Mat Fac Fac Fac Combat Hostiles Destroyed 56 | . 7 23 20 2 4 . Guns 56 | . 7 23 20 2 4 . Classes Destroyed 12 | . 2 5 3 . 1 1 Worker 3 | . . 3 . . . . Builder 6 | . . . 2 2 1 1 Hauler 4 | . 1 1 . 2 . . Recycler 1 | . . . . . . 1 Mechanic 1 | . . . 1 . . . Operator 4 | . . 2 1 . 1 . Watcher 3 | . . 1 1 . . 1 Swarmer 9 | . . 7 2 . . . Grunt 37 | . 7 11 15 2 2 . Duelist 1 | . . . 1 . . . Sentry 8 | . . 5 2 . 1 . Hunter 1 | . . . . . 1 . Best Kill Streak 9 | . 4 9 5 5 3 3 Combat Bots Only 6 | . 3 6 4 1 2 . Max Kills in Single Turn 2 | . 1 2 2 2 2 2 Gunslinging 1 | . . 1 . . . . Exploded . | . . . . . . . Melee . | . . . . . . . Uniques/NPCs Destroyed . | . . . . . . . Combat | -11 -10 -9 -8 -7 -6 -5 -------- Run | Yrd Mat Mat Mat Fac Fac Fac Hostile Shots Fired 476 | . 47 96 130 29 79 95 Missed 116 | . 10 23 33 9 32 9 Damage Taken 6745 | . 451 887 1549 246 720 2892 Core 1481 | . 77 168 147 41 34 1014 Absorbed by Shields . | . . . . . . . Core Remaining (%) 81 | 100 69 58 73 94 96 . Volleys Fired 264 | . 46 70 102 10 20 16 Largest 3 | . 2 2 2 3 3 3 Hottest 142 | . 40 60 88 75 78 142 Shots Fired 513 | . 91 137 157 30 60 38 Gun 507 | . 91 137 157 30 60 32 Cannon . | . . . . . . . Launcher 6 | . . . . . . 6 Special . | . . . . . . . Kinetic 462 | . 91 112 146 30 60 23 Thermal 31 | . . 11 11 . . 9 Explosive 6 | . . . . . . 6 Electromagnetic 14 | . . 14 . . . . Robot Hit Streak 12 | . 8 11 12 6 11 4 Robot Miss Streak 5 | . 2 3 4 2 4 5 Penetration Max . | . . . . . . . Secondary Targets 4 | . . 2 . . 2 . Max Gunslinging Chain 1 | . . 1 . . 1 . Shots Hit Robots 348 | . 63 93 105 20 42 25 Core Hits 169 | . 21 48 47 10 30 13 Critical Kills 2 | . . . 2 . . . Critical Parts Destroyed 1 | . 1 . . . . . Critical Strikes 4 | . 1 . 3 . . . Burn 1 | . . . 1 . . . Destroy 3 | . 1 . 2 . . . Melee Attacks 9 | . . . . . . 9 Impact . | . . . . . . . Slashing 9 | . . . . . . 9 Piercing . | . . . . . . . Sneak Attacks . | . . . . . . . Combat Hostiles . | . . . . . . . Follow-up Attacks . | . . . . . . . Damage Inflicted 6181 | . 495 1301 1903 675 852 955 Guns 5017 | . 495 1301 1867 334 852 168 Cannons . | . . . . . . . Explosions 909 | . . . . 336 . 573 Melee 214 | . . . . . . 214 Ramming 41 | . . . 36 5 . . Kinetic 4661 | . 495 1105 1741 334 852 134 Thermal 638 | . . 76 126 . . 436 Explosive 507 | . . . . 336 . 171 Electromagnetic 120 | . . 120 . . . . Impact . | . . . . . . . Slashing 214 | . . . . . . 214 Piercing . | . . . . . . . Highest Corruption 9 | . . . . . 1 9 Average Corruption 2 | . . . . . 1 9 Corruption Purged . | . . . . . . . Corruption Blocked . | . . . . . . . Effects 7 | . . . . . 4 3 Message Errors 4 | . . . . . 1 3 Matter Fused 1 | . . . . . 1 . Heat Flow Errors 1 | . . . . . 1 . Data Loss (major) 1 | . . . . . 1 . Overload Shots . | . . . . . . . Overflow Damage 204 | . . . . . . 204 Projectiles . | . . . . . . . Explosions 204 | . . . . . . 204 Melee . | . . . . . . . Knockbacks . | . . . . . . . Impact . | . . . . . . . Kinetic . | . . . . . . . Secondary . | . . . . . . . Self-Inflicted Damage 445 | . . . . . . 445 Shots 6 | . . . . . . 6 Rammed . | . . . . . . . Targets Rammed 9 | . . . 7 1 1 . Kicked 9 | . . . 7 1 1 . Crushed . | . . . . . . . Highest Temperature 417 | . 18 11 22 21 185 417 Average Temperature 67 | . 8 4 9 11 41 160 Received Heat Transfer 2535 | . 249 384 900 120 72 810 Siege Activations . | . . . . . . . Robots Corrupted . | . . . . . . . Combat Hostiles . | . . . . . . . Parts Fried . | . . . . . . . Impact Corruptions . | . . . . . . . Robots Melted . | . . . . . . . Combat Hostiles . | . . . . . . . Parts Melted 4 | . . . 2 2 . . Heat Transferred 870 | . . 175 370 . . 325 Parts Sabotaged . | . . . . . . . Parts Stolen . | . . . . . . . Parts Stripped . | . . . . . . . Power Chain Reactions . | . . . . . . . Alert | -11 -10 -9 -8 -7 -6 -5 ------- Run | Yrd Mat Mat Mat Fac Fac Fac Peak Influence 591 | . 172 523 591 528 275 156 Initial 200 | . . 20 115 200 184 51 Average 224 | . 42 259 352 282 180 67 Maximum Alert Level 2 | . . 2 2 2 1 . Low Security (%) 52 | . 100 48 29 . 63 100 Level 1 29 | . . 31 22 90 36 . Level 2 17 | . . 19 48 9 . . Level 3 . | . . . . . . . Level 4 . | . . . . . . . Level 5 . | . . . . . . . High Security . | . . . . . . . Max Security . | . . . . . . . Squads Dispatched 23 | . 2 4 9 5 3 . Investigation 7 | . 1 3 1 1 1 . Extermination 1 | . . . . 1 . . Reinforcement 10 | . 1 1 5 1 2 . Assault . | . . . . . . . Garrison 5 | . . . 3 2 . . Intercept . | . . . . . . . Searches Triggered . | . . . . . . . Construction Impeded . | . . . . . . . Haulers Reinforced 1 | . . . . . 1 . Active Scanning Responses . | . . . . . . . Cargo Convoy Interrupts . | . . . . . . . Stealth | -11 -10 -9 -8 -7 -6 -5 --------- Run | Yrd Mat Mat Mat Fac Fac Fac Distress Signals 1 | . . . . . . 1 Communications Jammed 2 | . . . . . . 2 Distress Signals 2 | . . . . . . 2 Times Spotted 100 | . 9 29 30 12 15 5 Peak Tracking Total 4 | . 2 4 4 4 4 3 Tactical Retreats 3 | . 1 1 1 . . . Traps | -11 -10 -9 -8 -7 -6 -5 ------- Run | Yrd Mat Mat Mat Fac Fac Fac Traps Triggered 4 | . . 1 . . 3 . Indirectly . | . . . . . . . Trap Hack Attempts . | . . . . . . . Triggered . | . . . . . . . Disarmed . | . . . . . . . Reprogrammed . | . . . . . . . Reused . | . . . . . . . Traps Extracted . | . . . . . . . Installed . | . . . . . . . Triggered . | . . . . . . . Machines | -11 -10 -9 -8 -7 -6 -5 ---------- Run | Yrd Mat Mat Mat Fac Fac Fac Machines Disabled 20 | . . 1 . 14 . 5 Max in Single Turn 11 | . . 1 . 11 . 5 Garrison Access 1 | . . . 1 . . . Machines Repaired . | . . . . . . . Machines Dismantled . | . . . . . . . Machines Sabotaged . | . . . . . . . Overloaded Fab Kills . | . . . . . . . Hacking | -11 -10 -9 -8 -7 -6 -5 --------- Run | Yrd Mat Mat Mat Fac Fac Fac Machines Accessed 6 | . 1 2 2 1 . . Terminals 5 | . 1 2 1 1 . . Fabricators . | . . . . . . . Repair Stations . | . . . . . . . Recycling Units . | . . . . . . . Scanalyzers . | . . . . . . . Garrison Access 1 | . . . 1 . . . Total Hacks 24 | . 3 7 8 6 . . Successful 4 | . . 2 1 1 . . Failed 20 | . 3 5 7 5 . . Catastrophic 4 | . 1 1 1 1 . . Database Lockouts . | . . . . . . . Manual 20 | . 3 7 4 6 . . Terminals 19 | . 3 7 3 6 . . Fabricators . | . . . . . . . Repair Stations . | . . . . . . . Recycling Units . | . . . . . . . Scanalyzers . | . . . . . . . Garrison Access 5 | . . . 5 . . . Terminal Hacks 2 | . . 1 . 1 . . Unreport Threat 2 | . . 1 . 1 . . Fabricator Hacks . | . . . . . . . Repair Station Hacks . | . . . . . . . Recycling Unit Hacks . | . . . . . . . Scanalyzer . | . . . . . . . Garrison Access Hacks . | . . . . . . . Unauthorized Hacks 2 | . . 1 1 . . . Terminals 1 | . . 1 . . . . Botnet 1 | . . 1 . . . . Fabricators . | . . . . . . . Repair Stations . | . . . . . . . Recycling Units . | . . . . . . . Scanalyzers . | . . . . . . . Garrison Access 1 | . . . 1 . . . Jam 1 | . . . 1 . . . Data Cores Recovered . | . . . . . . . Used . | . . . . . . . Hacking Detections 6 | . 1 2 2 1 . . Full Trace Events 5 | . 1 2 1 1 . . Feedback Events . | . . . . . . . Feedback Blocked . | . . . . . . . Robot Schematics Acquired . | . . . . . . . Robots Built . | . . . . . . . Authchips . | . . . . . . . Time . | . . . . . . . Total Robot Build Rating . | . . . . . . . Part Schematics Acquired . | . . . . . . . Parts Built . | . . . . . . . Authchips . | . . . . . . . Time . | . . . . . . . Total Part Build Rating . | . . . . . . . Parts Repaired . | . . . . . . . Time . | . . . . . . . Parts Recycled . | . . . . . . . Recycled Matter . | . . . . . . . Retrieved Matter . | . . . . . . . Retrieved Components . | . . . . . . . Parts Scanalyzed . | . . . . . . . Part Schematics Acquired . | . . . . . . . Parts Damaged . | . . . . . . . Bothacking | -11 -10 -9 -8 -7 -6 -5 ------------ Run | Yrd Mat Mat Mat Fac Fac Fac Used RIF Installer . | . . . . . . . Robots Hacked . | . . . . . . . Non-combat . | . . . . . . . Combat . | . . . . . . . Robot Hacks Applied . | . . . . . . . Relay Couplers Released . | . . . . . . . Fabnet Peak Effective % . | . . . . . . . Robots Rewired . | . . . . . . . Allies Hacked . | . . . . . . . Hacks Repelled . | . . . . . . . Allies | -11 -10 -9 -8 -7 -6 -5 -------- Run | Yrd Mat Mat Mat Fac Fac Fac Total Allies . | . . . . . . . Largest Group . | . . . . . . . Highest-Rated Group . | . . . . . . . Highest-Rated Ally . | . . . . . . . Total Orders . | . . . . . . . Ally Attacks . | . . . . . . . Total Damage . | . . . . . . . Kills . | . . . . . . . Allies Corrupted . | . . . . . . . Allies Melted . | . . . . . . . Intel | -11 -10 -9 -8 -7 -6 -5 ------- Run | Yrd Mat Mat Mat Fac Fac Fac Robot Analysis Total . | . . . . . . . Derelict Logs Recovered . | . . . . . . . Drone Launches . | . . . . . . . Drone Recoveries . | . . . . . . . Exploration | -11 -10 -9 -8 -7 -6 -5 ------------- Run | Yrd Mat Mat Mat Fac Fac Fac Turns Passed 3439 | . 594 871 838 380 583 173 Spaces Moved 1748 | 1 323 416 363 225 360 60 Core 12 | . . . . . . 12 Treads 137 | . . . 137 . . . Legs 1599 | 1 323 416 226 225 360 48 Wheels . | . . . . . . . Hover . | . . . . . . . Flight . | . . . . . . . Fastest Speed 50 | 120 120 120 120 122 120 50 Average Speed 132 | 120 123 135 149 122 120 145 Slowest Speed 450 | 120 190 190 260 122 190 450 Overloaded Moves . | . . . . . . . Propulsion Burnouts . | . . . . . . . Robots Hopped . | . . . . . . . Cave-ins Triggered 1 | . . . . . . 1 Exploration Rate (%) 20 | 2 34 39 40 12 12 2 Regions Visited 6 Branch Regions . Pre-discovered Areas . | . . . . . . . Known Exits Taken . | . . . . . . . Unknown Exits Taken 6 | 1 1 1 1 1 1 . Scrap Searched . | . . . . . . . Spaces Dug . | . . . . . . . Terrain Destroyed 121 | . . . . 37 . 84 Melee . | . . . . . . . Projectile 4 | . . . . . . 4 AOE 117 | . . . . 37 . 80 Terrain Rammed . | . . . . . . . Walls Destroyed . | . . . . . . . Machines Disabled . | . . . . . . . Actions | -11 -10 -9 -8 -7 -6 -5 --------- Run | Yrd Mat Mat Mat Fac Fac Fac Total 2511 | . 445 602 549 321 488 106 Wait 300 | . 53 60 28 78 71 10 Move 1742 | . 322 415 362 224 359 60 Hop . | . . . . . . . Pick Up 36 | . 8 14 7 3 4 . Fast Attach 29 | . 2 3 15 . 5 4 Attach 22 | . 1 4 4 2 4 7 Detach 5 | . . 1 1 . 3 . Swap 37 | . 6 13 7 1 10 . Drop 58 | . 7 22 16 2 11 . Fire 264 | . 46 70 102 10 20 16 Melee 9 | . . . . . . 9 Ram . | . . . . . . . Kick 9 | . . . 7 1 1 . Crush . | . . . . . . . Escape Stasis . | . . . . . . . Rewire . | . . . . . . . Trap . | . . . . . . . Miscellaneous . | . . . . . . . Route ------- -11/Scrapyard -10/Materials -9/Materials -8/Materials -7/Factory -6/Factory -5/Factory History --------- Turn | Location | Event 1 | -11/Scrapyard | Discovered new exit (range 0) 1 | -11/Scrapyard | Entered Materials 307 | -10/Materials | Build established: Mutant 500 | -10/Materials | Derelicts attacked the area 544 | -10/Materials | Discovered new exit (range 7) 595 | -10/Materials | Entered another Materials area 595 | -9/Materials | Evolved 2 slots: Propulsion x1, Utility x1 698 | -9/Materials | Build established: Scavenger-Mutant 1410 | -9/Materials | Discovered new exit (range 16) 1466 | -9/Materials | Entered another Materials area 1466 | -8/Materials | Evolved 2 slots: Propulsion x1, Utility x1 1573 | -8/Materials | Garrison activated, responded to threat 1619 | -8/Materials | Lost 5 parts (1p3n1w) 2106 | -8/Materials | Lost 4 parts (1p2n1w) 2214 | -8/Materials | Met 7R-MNS 2301 | -8/Materials | Discovered new exit (range 4) 2304 | -8/Materials | Entered Factory 2304 | -7/Factory | Evolved 2 slots: Power x1, Weapon x1 2305 | -7/Factory | Caught up to 7R-MNS 2497 | -7/Factory | Garrison activated, responded to threat 2607 | -7/Factory | Build established: Scavenger-Skirmisher 2666 | -7/Factory | Discovered new exit (range 16) 2684 | -7/Factory | Entered another Factory area 2684 | -6/Factory | Evolved 2 slots: Utility x2 2685 | -6/Factory | Caught up to 7R-MNS 3134 | -6/Factory | Build established: Scavenger-Gunner 3259 | -6/Factory | Discovered new exit (range 6) 3267 | -6/Factory | Entered another Factory area 3267 | -5/Factory | Evolved 2 slots: Utility x2 3268 | -5/Factory | Caught up to 7R-MNS 3335 | -5/Factory | Attacked by 7R-MNS 3370 | -5/Factory | Crushed by falling debris 3414 | -5/Factory | Core integrity fell below 50% 3430 | -5/Factory | Core integrity fell below 20% 3440 | -5/Factory | Destroyed by Y-64 Sentinel with KE Penetrator Last Messages --------------- W-25 Informer sends out distress signal. Slug penetrates 7R-MNS. The unstable cave ceiling collapses. Lrg. Storage Unit destroyed. Penetrated by Slug. Acquired Hacking Suite. Acquired Transmission Jammer. Critical hit (Burn: +37). F5KKH4XNWMX/I3EFO6P RD58%O PU%O The unstable cave ceiling collapses. Acquired Hacking Suite. Slug penetrates 7R-MNS. Hacking Suite destroyed. W-25 Informer distress signal jammed. Penetrated by Slug. Power Sword destroyed. Slug penetrates 7R-MNS. K=Y9G7PXGC